 Dungeon Crawl Stone Soup version 0.23-a0-143-g1adec7b (webtiles) character file.

354 ultracola the Sneak (level 6, -4/41 HPs)
             Began as a Vampire Ice Elementalist on Sept 3, 2018.
             Slain by an ogre
             ... wielding a cursed -3 giant spiked club
              (29 damage)
             ... on level 4 of the Dungeon.
             The game lasted 00:08:23 (3656 turns).

ultracola the Sneak (Vampire Ice Elementalist)      Turns: 3656, Time: 00:08:24

Health: -4/41      AC:  3    Str:  7    XL:     6   Next: 35%
Magic:  0/9        EV: 12    Int: 20    God:
Gold:   122        SH:  0    Dex: 14    Spells: 2/9 levels left

rFire    x . .     SeeInvis +   k - +1 dagger (venom)
rCold    + + .     Gourm    .   (no shield)
rNeg     + + .     Faith    .   g - +0 leather armour
rPois    +         Spirit   .   (no helmet)
rElec    .         Reflect  .   (no cloak)
rCorr    .         Harm     .   (no gloves)
MR       .....                  (no boots)
Stlth    ++++......             m - amulet of regeneration
HPRegen  0.26/turn              h - ring of ice
MPRegen  0.11/turn              (no ring)

@: very slightly contaminated, regenerating slowly
A: fangs 3, see invisible, unbreathing
a: Bat Form


You were on level 4 of the Dungeon.
You were near bloodless.

You visited 1 branch of the dungeon, and saw 4 of its levels.

You collected 122 gold pieces.

Inventory:

Hand Weapons
 f - a +0 short sword
 k - a +1 dagger of venom (weapon)
Armour
 g - a +0 leather armour (worn)
 n - a scarf of spirit shield
Jewellery
 h - a ring of ice (left hand)
 m - an amulet of regeneration (around neck)
Scrolls
 a - a scroll of remove curse
 e - a scroll of fear
Potions
 b - a potion of brilliance
 c - 23 potions of blood
 i - a potion of mutation
 j - a potion of agility {unknown}
 l - a potion of flight {unknown}


   Skills:
 + Level 2.7 Short Blades
 - Level 2.1 Dodging
 - Level 6.0 Stealth
 - Level 2.0 Spellcasting
 + Level 1.7 Conjurations
 - Level 5.1 Ice Magic


You had 2 spell levels left.
You knew the following spells:

 Your Spells              Type           Power        Failure   Level  Hunger
a - Freeze                Ice            ####         2%          1    #......
b - Throw Frost           Conj/Ice       ###...       9%          2    ##.....
c - Throw Icicle          Conj/Ice       ###.....     50%         4    #####..

Your spell library contained the following spells:

 Spells                   Type           Power        Failure   Level  Hunger
 Ozocubu's Armour         Chrm/Ice       ###.....     24%         3    ###....
 Summon Ice Beast         Ice/Summ       ###.....     63%         4    #####..


Dungeon Overview and Level Annotations

Branches:
Dungeon (4/15)
 Temple: D:4-7

Altars:


Innate Abilities, Weirdness & Mutations

You heal slowly.
You have razor-sharp teeth.
You have supernaturally acute eyesight. (SInv)
You can survive without breathing.


Message History

Aim: an ogre, wielding a giant spiked club (severely wounded)
You feel a surge of power!
You freeze the ogre.
The ogre is severely wounded.
The ogre hits you with a giant spiked club!
Casting: Freeze (safe; 2% risk of failure)
Confirm with . or Enter, or press ? or * to list all spells.
Aiming: Freeze (safe; 2% risk of failure)
Press: ? - help, Shift-Dir - straight line, f/p - ogre
Aim: an ogre, wielding a giant spiked club (severely wounded)
You feel a surge of power!
You freeze the ogre.
The ogre is almost dead.
Casting: Freeze (safe; 2% risk of failure)
Confirm with . or Enter, or press ? or * to list all spells.
You don't have enough magic to cast that spell.
Unknown command.
You hit the ogre.
The ogre is poisoned.
The ogre is almost dead.
The ogre hits you with a giant spiked club!!
Ouch! That really hurt!
You die...

.. .........# ...# #. ..
#..#.##.##...#. #.#
#.###..#.##........ ....
#.........#.##...## ....
...#..............
.##..# #.#......=...#...
......###........#.## #
### #...#.###.#..##.#
#.. ...#.#@.# #.##.##.#
#.# .......O.# #.##.##.#
#.#.###.......#
#.......#
#.#..##.......#
####.####
#.##.##.......######.###
#.............##.......#
#.............##.###.#.#
#.#...#.......# ##.#.#
#.#...#.####### #..#.#


You could see an ogre.

Vanquished Creatures
  2 orc priests
  A jelly (D:2)
  3 orc wizards
  6 adders
  An ooze (D:2)
  2 worms (D:3)
  3 dart slugs
  3 leopard geckos
  14 orcs (D:3)
  9 bats
  6 giant cockroaches
  13 goblins
  10 hobgoblins
  3 jackals
  9 kobolds
  2 quokkas
  4 frilled lizards
  7 rats
98 creatures vanquished.

Notes
Turn   | Place    | Note
-------+----------+-------------------------------------------
     0 | D:1      | ultracola the Vampire Ice Elementalist began the quest for
                  | the Orb.
     0 | D:1      | Reached XP level 1. HP: 13/13 MP: 3/3
   312 | D:1      | Reached XP level 2. HP: 18/19 MP: 1/5
   317 | D:1      | Learned a level 2 spell: Throw Frost
   469 | D:1      | Reached skill level 4 in Stealth
  1046 | D:1      | Reached XP level 3. HP: 24/24 MP: 6/6
  1423 | D:2      | Reached skill level 5 in Stealth
  1442 | D:2      | Reached XP level 4. HP: 18/30 MP: 2/7
  1886 | D:2      | Learned a level 4 spell: Throw Icicle
  2625 | D:3      | Reached skill level 1 in Short Blades
  2625 | D:3      | Reached skill level 6 in Stealth
  2625 | D:3      | Reached XP level 5. HP: 35/35 MP: 4/8
  2732 | D:3      | Reached skill level 1 in Conjurations
  3306 | D:3      | Reached skill level 5 in Ice Magic
  3306 | D:3      | Reached XP level 6. HP: 33/41 MP: 2/9
  3656 | D:4      | Slain by an ogre

Vault maps used:
D:1:      lightli_arrival_farm
D:3:      cheibrodos_pilgrimage, st_stairs_10
D:4:      nicolae_overflow_crystal_walls, first_ration

Skill      XL: |  1  2  3  4  5 |
---------------+----------------+-----
Stealth        | 4 5 6 |  6.0
Ice Magic      | 4 5 |  5.1
Short Blades   | 1 2 |  2.7
Conjurations   | 1 |  1.7
Dodging        | |  2.1
Spellcasting   | |  2.0

Action                   |  1- 3 |  4- 6 || total
-------------------------+-------+-------++-------
Melee: Unarmed           |    13 |       ||    13
       Bite              |     5 |     7 ||    12
       Short sword       |    51 |    24 ||    75
       Dagger            |       |    51 ||    51
 Cast: Freeze            |    40 |    38 ||    78
       Throw Frost       |       |     9 ||     9
  Use: Scroll            |       |     5 ||     5
       Potion            |       |     3 ||     3
 Stab: Sleeping          |    10 |    16 ||    26
       Distracted        |       |     1 ||     1
Armor: Robe              |     8 |       ||     8
       Leather armour    |    15 |    13 ||    28
Dodge: Dodged            |    49 |    51 ||   100

Table legend:
 A = Non-vault XP
 B = Vault XP
 C = Vault XP percentage of total XP
 D = Non-vault monster count
 E = Vault monster count
 F = Vault count percentage of total count
                 A         B        C        D         E       F
            +---------+---------+-------+---------+---------+-------
      Total |     445 |      61 |  12.1 |      90 |       8 |   8.2
            +---------+---------+-------+---------+---------+-------
        D:1 |      46 |       0 |   0.0 |      23 |       0 |   0.0
        D:2 |     104 |       0 |   0.0 |      28 |       0 |   0.0
        D:3 |     186 |      61 |  24.7 |      35 |       8 |  18.6
        D:4 |     109 |       0 |   0.0 |       4 |       0 |   0.0
            +---------+---------+-------+---------+---------+-------
